 Dungeon Crawl Stone Soup version 0.29-a0-284-gf9362112df (webtiles) character file.

Game seed: 13916281864704434912

199 YayAnonymity the Shield-Bearer (level 6, -4/47 HPs)
             Began as a Formicid Fighter on Mar 26, 2022.
             Slain by a two-headed ogre
             ... wielding a +0 dire flail
              (9 damage)
             ... on level 4 of the Dungeon.
             The game lasted 00:04:26 (3972 turns).

YayAnonymity the Shield-Bearer (Formicid Fighter)   Turns: 3972, Time: 00:04:27

Health: -4/47      AC:  9    Str: 22    XL:     6   Next: 6%
Magic:  6/6        EV:  7    Int:  8    God:
Gold:   144        SH:  5    Dex: 16    Spells: 5/5 levels left

rFire   . . .      SeeInvis +   a - +0 war axe
rCold   . . .      Faith    .   c - +0 buckler
rNeg    . . .      Spirit   .   j - +0 chain mail
rPois   .          Reflect  .   (helmet unavailable)
rElec   .          Harm     .   (no cloak)
rCorr   .          Rampage  .   (no gloves)
Will    .....                   (no boots)
Stlth   ..........              (no amulet)
HPRegen 0.15/turn               b - +6 ring of dexterity
MPRegen 0.10/turn               (no ring)

@: mighty
A: permanent stasis, dig shafts and tunnels, antennae 3, four strong arms
a: Dig, Shaft Self


You were on level 4 of the Dungeon.
You visited 1 branch of the dungeon, and saw 4 of its levels.

You collected 144 gold pieces.

Inventory:

Hand Weapons
 a - a +0 war axe (weapon)
Armour
 c - a +0 buckler (worn)
 j - a +0 chain mail (worn)
Jewellery
 b - a +6 ring of dexterity (left hand)
Scrolls
 e - a scroll of fog {unknown}
 l - a scroll of magic mapping {unknown}
 m - a scroll of vulnerability {unknown}
Potions
 d - a potion of might
 g - a potion of berserk rage {unknown}
 h - a potion of curing {unknown}
 i - a potion of mutation {unknown}
 k - 2 potions of attraction


   Skills:
 - Level 3.2 Fighting
 * Level 4.9 Axes
 - Level 3.2 Armour
 + Level 5.2 Shields


You had 5 spell levels left.
You didn't know any spells.
Your spell library was empty.

Dungeon Overview and Level Annotations

Branches:
Dungeon (4/15)
 Temple: D:4-7

Altars:
Elyvilon
Hepliaklqana
Uskayaw
Vehumet

Shops:
D:1 [


Innate Abilities, Weirdness & Mutations

You cannot be hasted, slowed, berserked, paralysed or teleported.
You can dig through walls and to a lower floor.
You have a pair of large antennae on your head. (SInv)
Your four strong arms can wield two-handed weapons with a shield.


Message History

No target in view!
No target in view!
d - 2 potions of might (gained 1)
A ball python comes into view.
The ball python hisses angrily.
A ball python is nearby!
You hit the ball python.
You kill the ball python!
No target in view!
No target in view!
No target in view!
No target in view!
You now have 130 gold pieces (gained 9).
You now have 137 gold pieces (gained 7).
You now have 144 gold pieces (gained 7).
There is a dry fountain here.
A two-headed ogre comes into view.
It is wielding a +0 dire flail and a +0 giant club.
A two-headed ogre is nearby!
The two-headed ogre closely misses you.
The two-headed ogre hits you with a +0 giant club.
Okay, then.
Okay, then.
You hit the two-headed ogre.
The two-headed ogre is lightly wounded.
The two-headed ogre hits you with a +0 dire flail!
The two-headed ogre hits you with a +0 giant club!
* * * LOW HITPOINT WARNING * * *
You feel very mighty all of a sudden.
The two-headed ogre hits you with a +0 dire flail!
* * * LOW HITPOINT WARNING * * *
You block the two-headed ogre's attack.
You slice the two-headed ogre!!
The two-headed ogre is heavily wounded.
You slash the two-headed ogre!
The two-headed ogre is severely wounded.
The two-headed ogre hits you but does no damage. x2
You hit the two-headed ogre.
The two-headed ogre is almost dead.
The two-headed ogre hits you with a +0 dire flail!
You die...

#.........# ######...#
###.......#####...##...##
#...............#8...8#
####.#.#.#.#####...##...##
###....#.#.#.# ##........#
#...###..#.#.####......####
#.#####†##.............#
#.####..##..#.####.....# (
##............@.# #.....#
.##..####.#####.#O# #######
.....####.# #...#
......#..# ##...
.##.##.#.## #.###
.....#...# #. ##......####
#. #..#.......# ##
#.##..#..#.#


You could see a two-headed ogre.

Vanquished Creatures
  A scorpion (D:4)
  4 adders
  2 worms (D:2)
  10 dart slugs
  4 orcs
  6 ball pythons
  7 endoplasms
  3 giant cockroaches
  7 goblins
  5 hobgoblins
  2 jackals (D:3)
  3 quokkas
  6 bats
  3 frilled lizards
  8 kobolds
  6 rats
77 creatures vanquished.

Notes
Turn   | Place    | Note
-------+----------+-------------------------------------------
     0 | D:1      | YayAnonymity the Formicid Fighter began the quest for the
                  | Orb.
     0 | D:1      | Reached XP level 1. HP: 18/18 MP: 1/1
   139 | D:1      | Reached XP level 2. HP: 20/24 MP: 2/2
   490 | D:1      | Reached skill level 4 in Shields
   568 | D:1      | Found Ziuvuic's Antique Armour Emporium.
   806 | D:1      | Reached XP level 3. HP: 29/29 MP: 3/3
   869 | D:1      | Found a faded altar of an unknown god.
  1495 | D:2      | Reached XP level 4. HP: 35/35 MP: 4/4
  2445 | D:3      | Found a white marble altar of Elyvilon.
  2639 | D:3      | Reached XP level 5. HP: 41/41 MP: 5/5
  3181 | D:3      | Found a hide-covered altar of Uskayaw.
  3181 | D:3      | Found a radiant altar of Vehumet.
  3214 | D:3      | Found a hazy altar of Hepliaklqana.
  3664 | D:4      | Reached skill level 5 in Shields
  3836 | D:4      | Reached XP level 6. HP: 47/47 MP: 6/6
  3965 | D:4      | Noticed a two-headed ogre
  3972 | D:4      | Slain by a two-headed ogre

Illustrated notes

Levels and vault maps discovered:
D:1:      amcnicky_arrival_wind_blow, layout_loops_ring, serial_shops, shop,
          chequers_ecumenical_altar_lobes, chequers_serial_rivers_micro_c
D:2:      layout_basic, st_stairs_13, kennysheep_cluttered_room,
          guppyfry_early_orc_mine
D:3:      kennysheep_slugbush, layout_basic, grunt_temple_overflow_open,
          mainiacjoe_overflow_cross_hatched
D:4:      layout_rooms, nemelex_dance_club_becter,
          hangedman_abyss_or_decor_jellyfish_corner, corexii_hall_statues_i,
          uniq_ijyb

Skill      XL: |  1  2  3  4  5 |
---------------+----------------+-----
Shields        | 4 5 |  5.2
Axes           | 3 4 |  4.9
Fighting       | |  3.2
Armour         | |  3.2

Action                   |  1- 3 |  4- 6 || total
-------------------------+-------+-------++-------
Melee: War axe           |    91 |   111 ||   202
  Use: Scroll            |       |     4 ||     4
       Potion            |       |     1 ||     1
Armor: Scale mail        |    43 |       ||    43
       Chain mail        |       |    45 ||    45
Dodge: Dodged            |    50 |    28 ||    78
Block: Buckler           |    16 |    33 ||    49

Table legend: (Time is in decaauts)
 A = Elapsed time spent in this place.
 B = Non-inter-level travel time spent in this place.
 C = Inter-level travel time spent in this place.
 D = Time resting spent in this place.
 E = Time spent auto-exploring this place.
 F = Levels seen in this place.
 G = Mean time per level.
                   A        B        C        D        E       F      G
               +--------+--------+--------+--------+--------+-----+--------+
         Total |   4046 |   3800 |    246 |      0 |   3185 |   4 | 1011.5 |
       Dungeon |   4046 |   3800 |    246 |      0 |   3185 |   4 | 1011.5 |
               +--------+--------+--------+--------+--------+-----+--------+

Top non-repeatable levels by time:
     D:2: 1454 daAuts
     D:3: 1294 daAuts
     D:1: 979 daAuts
     D:4: 317 daAuts
